 Dungeon Crawl Stone Soup version 0.31-a0-210-gccc998df9b (webtiles) character file.

Game seed: 12753159922146511102

268 TrayleKats the Poker (level 6, -1/48 HPs)
             Began as a Demonspawn Gladiator on June 29, 2023.
             Slain by Natasha (6 damage)
             ... on level 3 of the Dungeon.
             The game lasted 00:02:38 (2270 turns).

TrayleKats the Poker (Demonspawn Gladiator)         Turns: 2270, Time: 00:02:38

Health: -1/48      AC:  4    Str: 17    XL:     6   Next: 1%
Magic:  6/6        EV: 12    Int:  9    God:
Gold:   136        SH:  0    Dex: 14    Spells: 5/5 levels left

rFire   . . .        a - +0 trident
rCold   . . .        (no shield)
rNeg    . . .        b - +0 leather armour
rPois   +            (helmet restricted)
rElec   .            d - +0 cloak
rCorr   .            (no gloves)
SInv    .            (no boots)
Will    .....        (no amulet)
Stlth   +            (no ring)
HPRegen 0.28/turn    (no ring)
MPRegen 0.10/turn

%: no passive effects
@: no status effects
A: claws 1, demonic guardian 1, horns 1, poison resistance
a: no special abilities


You were on level 3 of the Dungeon.
You visited 1 branch of the dungeon, and saw 3 of its levels.

You collected 136 gold pieces.

Inventory:

Hand Weapons
 a - a +0 trident (weapon)
Missiles
 e - a javelin
Armour
 b - a +0 leather armour (worn)
 c - a +0 helmet
 d - a +0 cloak (worn)
Wands
 p - a wand of mindburst (12)
Scrolls
 g - a scroll of brand weapon {unknown}
 i - a scroll of identify
Potions
 f - a potion of berserk rage {unknown}
 h - 2 potions of degeneration {unknown}
 j - 2 potions of brilliance
 k - a potion of magic {unknown}


   Skills:
 + Level 3.9 Fighting
 * Level 5.2 Polearms
 + Level 2.0 Throwing
 - Level 2.6 Dodging


You had 5 spell levels left.
You didn't know any spells.
Your spell library contained the following spells:

 Spells                   Type           Power      Damage    Failure   Level
 Beastly Appendage        Tmut           0%         N/A       45%         1
 Wereblood                Tmut           0%         N/A       58%         2
 Ignite Poison            Fire/Tmut/Pois 0%         N/A       83%         3
 Spider Form              Tmut/Pois      0%         N/A       83%         3
 Sticky Flame             Conj/Fire      0%         2d3       99%         4
 Ignition                 Fire           0%         3d3       100%        8


Dungeon Overview and Level Annotations

Branches:
Dungeon (3/15)

Altars:

Annotations:
D:3 Natasha


Innate Abilities, Weirdness & Mutations

You have sharp fingernails.
A weak demonic guardian rushes to your aid.
You have a pair of small horns on your head.
Your system is resistant to poisons. (rPois)


Message History

Natasha claws you but does no damage.
You barely miss Natasha. Your headbutt misses Natasha.
The cerulean imp closely misses you.
The cerulean imp hits you from afar with a +2 spear.
Natasha completely misses you.
You hit Natasha. Your headbutt misses Natasha.
Natasha is moderately wounded.
The cerulean imp hits you from afar with a +2 spear. x2
A demonic guardian appears!
Natasha casts a spell at you. The magic dart hits you!
You closely miss Natasha.
Natasha is moderately wounded.
The cerulean imp hits you from afar with a +2 spear.
The cerulean imp closely misses you. Natasha claws you.
The cerulean imp hits you but does no damage.
You closely miss Natasha.
Natasha is moderately wounded.
The cerulean imp hits you from afar with a +2 spear.
Natasha claws you.
* * * LOW HITPOINT WARNING * * *
The cerulean imp hits you from afar with a +2 spear.
* * * LOW HITPOINT WARNING * * *
A demonic guardian appears!
You closely miss Natasha.
Natasha is moderately wounded.
Your ufetubus hits the cerulean imp. x2
The cerulean imp hits you from afar with a +2 spear.
* * * LOW HITPOINT WARNING * * *
Your iron imp completely misses Natasha.
Natasha claws you but does no damage.
The cerulean imp hits you but does no damage.
Unknown command.
You swap places.
Your ufetubus completely misses the cerulean imp.
Your ufetubus hits the cerulean imp.
The cerulean imp hits you from afar with a +2 spear.
* * * LOW HITPOINT WARNING * * *
Natasha claws you.
You die...

#.#.....<..
.....###.##
#...#.##.#
....##.#.######
).............#
.#.###.#.####.#
#..##.##.#
#.#######.#
##.......#
#...5h5...##
#..######
#...@55.....
#..#
#.#######.##
#..# ...# #..#
##### #..# #..#
##..# ....#
###.#


You could see Natasha (ally target), 2 cerulean imps, a friendly iron imp
(summoned) and a friendly ufetubus (summoned).

Vanquished Creatures
  Sigmund (D:2)
  Crazy Yiuf (D:2)
  Terence (D:3)
  2 dart slugs (D:3)
  5 ball pythons
  5 bats
  4 endoplasms
  5 goblins
  6 hobgoblins
  2 quokkas (D:1)
  3 frilled lizards
  4 kobolds
  2 rats (D:2)
41 creatures vanquished.

Vanquished Creatures (collateral kills)
  A kobold (D:3)
1 creature vanquished.

Grand Total: 42 creatures vanquished

Notes
Turn   | Place    | Note
-------+----------+-------------------------------------------
     0 | D:1      | TrayleKats the Demonspawn Gladiator began the quest for the
                  | Orb.
     0 | D:1      | Reached XP level 1. HP: 16/16 MP: 1/1
   325 | D:1      | Reached skill level 3 in Polearms
   526 | D:1      | Gained mutation: You have sharp fingernails. [demonic
                  | ancestry]
   526 | D:1      | Reached XP level 2. HP: 18/22 MP: 2/2
  1003 | D:2      | Found a runed translucent door.
  1004 | D:2      | Noticed Crazy Yiuf
  1280 | D:2      | Noticed Sigmund
  1294 | D:2      | Killed Sigmund
  1295 | D:2      | Reached skill level 4 in Polearms
  1295 | D:2      | Reached XP level 3. HP: 27/29 MP: 3/3
  1295 | D:2      | Reached XP level 4. HP: 34/36 MP: 4/4
  1295 | D:2      | Reached XP level 5. HP: 39/41 MP: 5/5
  1411 | D:2      | Killed Crazy Yiuf
  1412 | D:2      | Reached skill level 5 in Polearms
  2111 | D:3      | Noticed Terence
  2121 | D:3      | Gained mutation: You have a pair of small horns on your
                  | head. [potion of mutation]
  2121 | D:3      | Gained mutation: Your system is resistant to poisons.
                  | (rPois) [potion of mutation]
  2127 | D:3      | Killed Terence
  2128 | D:3      | Gained mutation: A weak demonic guardian rushes to your
                  | aid. [demonic ancestry]
  2128 | D:3      | Reached XP level 6. HP: 28/48 MP: 6/6
  2258 | D:3      | Noticed Natasha
  2270 | D:3      | Slain by Natasha

Illustrated notes

Levels and vault maps discovered:
D:1:      lightli_arrival_farm, layout_loops_ring, minmay_pentomino_o2
D:2:      layout_rooms, kennysheep_donut, minmay_misc_feat_tiny,
          uniq_crazy_yiuf_cottage, uniq_sigmund
D:3:      layout_loops_ring, uniq_terence, uniq_jessica, uniq_natasha

Skill      XL: |  1  2  3  4  5  6 |
---------------+-------------------+-----
Polearms       | 3 4 5 |  5.2
Fighting       | 3 |  3.9
Throwing       | 2 |  2.0
Dodging        | |  2.6

Action                     |  1- 3 |  4- 6 || total
---------------------------+-------+-------++-------
  Melee: Trident           |    88 |    81 ||   169
         Punch             |     1 |     1 ||     2
         Headbutt          |       |     2 ||     2
  Throw: Throwing net      |     2 |     1 ||     3
    Use: Scroll            |       |     8 ||     8
         Potion            |       |     1 ||     1
   Stab: Sleeping          |     1 |       ||     1
         Held in net/web   |     2 |       ||     2
 Armour: Leather armour    |    26 |    24 ||    50
  Dodge: Dodged            |    42 |    51 ||    93

Table legend: (Time is in decaauts)
 A = Elapsed time spent in this place.
 B = Non-inter-level travel time spent in this place.
 C = Inter-level travel time spent in this place.
 D = Time resting spent in this place.
 E = Time spent auto-exploring this place.
 F = Levels seen in this place.
 G = Mean time per level.
                   A        B        C        D        E       F      G
               +--------+--------+--------+--------+--------+-----+--------+
         Total |   2302 |   2200 |    102 |    372 |   1439 |   3 |  767.3 |
       Dungeon |   2302 |   2200 |    102 |    372 |   1439 |   3 |  767.3 |
               +--------+--------+--------+--------+--------+-----+--------+

Top non-repeatable levels by time:
     D:1: 844 daAuts
     D:3: 818 daAuts
     D:2: 639 daAuts
